 Dungeon Crawl Stone Soup version 0.31-a0-1237-gabc64e778c (webtiles) character file.

Game seed: 3275847633091932691

104 gekpol the Gusty (level 4, 0/21 HPs)
             Began as a Vine Stalker Air Elementalist on Dec 13, 2023.
             Killed from afar by Ijyb (2 damage)
             ... with an iceblast
             ... on level 3 of the Dungeon on Dec 15, 2023.
             The game lasted 00:38:09 (3170 turns).

gekpol the Gusty (Vine Stalker Air Elementalist)    Turns: 3170, Time: 00:38:14

Health: 0/21       AC:  5    Str: 11    XL:     4   Next: 80%
Magic:  0/9        EV: 12    Int: 17    God:
Gold:   103        SH:  0    Dex: 14    Spells: 3/9 levels left

rFire   . . .        g - +0 spear
rCold   + . .        (no shield)
rNeg    . . .        k - +0 leather armour
rPois   .            e - +0 helmet
rElec   .            (no cloak)
rCorr   .            (no gloves)
SInv    +            h - +0 pair of boots
Will    .....        i - amulet of faith
Stlth   ++           f - ring of protection from cold
HPRegen 1.03/turn    (no ring)
MPRegen 0.11/turn

%: guardian spirit, faith
@: very slightly contaminated
A: fangs 2, regeneration 1, magic shield, antimagic bite, no potion heal 2
a: no special abilities


You were on level 3 of the Dungeon.
You visited 1 branch of the dungeon, and saw 3 of its levels.

You collected 103 gold pieces.

Inventory:

Hand Weapons
 g - a +0 spear (weapon)
Missiles
 d - 31 stones
Armour
 a - a +0 robe
 e - a +0 helmet (worn)
 h - a +0 pair of boots (worn)
 k - a +0 leather armour (worn)
Jewellery
 f - a ring of protection from cold (left hand)
 i - an amulet of faith (around neck)
Scrolls
 c - a scroll of identify
Potions
 b - a potion of magic


   Skills:
 + Level 0.6 Maces & Flails
 + Level 0.7 Polearms
 + Level 2.0 Dodging
 + Level 3.3 Stealth
 + Level 3.1 Spellcasting
 + Level 1.5 Conjurations
 + Level 3.5 Air Magic


You had 3 spell levels left.
You knew the following spells:

 Your Spells              Type           Power      Damage    Failure   Level
a - Shock                 Conj/Air       44%        1d5       8%          1
b - Static Discharge      Conj/Air       22%        3-4/arc   12%         2
c - Swiftness             Air            14%        N/A       16%         3

Your spell library contained the following spells:

 Spells                   Type           Power      Damage    Failure   Level
 Blink                    Tloc           4%         N/A       34%         2
 Airstrike                Air            7%         2d(1-17)  45%         4
 Manifold Assault         Tloc           2%         N/A       92%         4


Dungeon Overview and Level Annotations

Branches:
Dungeon (3/15)

Altars:

Shops:
D:1 [

Annotations:
D:3 Ijyb


Innate Abilities, Weirdness & Mutations

You have extremely sharp teeth.
Your natural rate of healing is unusually fast.
When hurt, damage is shared between your health and your magic reserves.
Your bite disrupts and absorbs the magic of your enemies.
Potions cannot restore your health.


Message History

You miss the bat. Your bite misses the bat. The bat closely misses you.
The bat hits you but does no damage.
You barely miss the bat. The bat closely misses you. The bat barely misses you.
The bat closely misses you. The bat misses you.
The bat hits you but does no damage.
You hit the bat.
You kill the bat!
You see here a bat corpse.
You start resting.
Magic restored.
There is a stone staircase leading down here.
Ijyb the Twisted Goblin comes into view.
She is wielding a +0 club and carrying a wand of iceblast.
There is an open door here.
Ijyb shouts!
Aiming: Shock (safe; 8% risk of failure)
Press: ? - help, Q - select action, (/) - cycle Shift-Dir - straight line, f - Ijyb
Aim: Ijyb, wielding a +0 club, wearing a +0 ring mail and carrying a wand of iceblast (64% to hit)
The zap hits Ijyb.
Ijyb is lightly wounded.
Aiming: Shock (safe; 8% risk of failure)
Press: ? - help, Q - select action, (/) - cycle Shift-Dir - straight line, f/p - Ijyb
Aim: Ijyb, wielding a +0 club, wearing a +0 ring mail and carrying a wand of iceblast (lightly wounded, 64% to hit)
You miscast Shock.
You are very lightly contaminated with residual magic.
Nothing appears to happen.
Ijyb zaps a wand.
The mass of ice explodes!
The iceblast engulfs you! You partially resist.
Aiming: Shock (safe; 8% risk of failure)
Press: ? - help, Q - select action, (/) - cycle Shift-Dir - straight line, f/p - Ijyb
Aim: Ijyb, wielding a +0 club, wearing a +0 ring mail and carrying a wand of iceblast (lightly wounded, 64% to hit)
You miscast Shock.
Nothing appears to happen.
Ijyb zaps a wand.
The mass of ice explodes!
The iceblast engulfs you! You partially resist.
Ouch! That really hurt!
* * * LOW HITPOINT WARNING * * *
As you read the scroll of revelation, it crumbles to dust.
You feel aware of your surroundings.
You sensed 2 altars.
Ijyb zaps a wand.
The mass of ice explodes!
The iceblast engulfs you. You partially resist.
You die...

############### ###############
******###############
*,,,,,.##############
*,,,,,.##############
*,,,,,.##############
*,,,,,...g....##########
**,,,,,.......@'>.....†.#
*,,,,,,........#........#
*,,,,,,........#†...>...###****
*,,,,,,........#.##.)......,,,,
*,,,,,*#########.##.#######****
*,,,,,*#########.##.##*********
*******#########+##.##..,,,,,,,
#...♣♣♣♣♣..#.##.#*******
###.#♣♣♣♣♣♣♣♣#.##.# *


You could see Ijyb.

Vanquished Creatures
  3 gnolls (D:3)
  An adder (D:2)
  A worm (D:2)
  A dart slug (D:2)
  5 endoplasms
  6 giant cockroaches
  4 goblins
  5 hobgoblins
  4 jackals (D:1)
  A quokka (D:1)
  5 ball pythons
  6 bats
  A frilled lizard (D:1)
  8 kobolds
  5 rats
56 creatures vanquished.

Notes
Turn   | Place    | Note
-------+----------+-------------------------------------------
     0 | D:1      | gekpol the Vine Stalker Air Elementalist began the quest
                  | for the Orb.
     0 | D:1      | Reached XP level 1. HP: 9/9 MP: 4/4
   359 | D:1      | Reached XP level 2. HP: 13/13 MP: 1/6
   762 | D:1      | Reached XP level 3. HP: 16/16 MP: 0/7
   765 | D:1      | Learned a level 2 spell: Static Discharge
   769 | D:1      | Learned a level 3 spell: Swiftness
   984 | D:1      | Found Hagab's Antique Armour Emporium.
  2339 | D:2      | Reached XP level 4. HP: 21/21 MP: 9/9
  2775 | D:3      | Upgraded the game from 0.31-a0-1206-g41278d8d1d to
                  | 0.31-a0-1237-gabc64e778c
  3165 | D:3      | Noticed Ijyb
  3169 | D:3      | HP: 1/21 [Ijyb/iceblast (11)]
  3170 | D:3      | Killed from afar by Ijyb

Illustrated notes

Levels and vault maps discovered:
D:1:      dpeg_arrival_long_road, layout_loops_corners, serial_shops,
          nicolae_diamond_shop, amcnicky_mini_pool_small, bh_walls_and_bars
D:2:      layout_basic
D:3:      layout_basic, mainiacjoe_overflow_brackets,
          dreamdust_ecumenical_altar_angels_and_demons, serial_bayou_ford_a,
          corexii_leaking_fountain, uniq_ijyb

Skill      XL: |  1  2  3 |
---------------+----------+-----
Dodging        | 2 |  2.0
Stealth        | 3 |  3.3
Spellcasting   | 3 |  3.1
Maces & Flails | |  0.6
Polearms       | |  0.7
Conjurations   | |  1.5
Air Magic      | |  3.5

Action                     |  1- 3 |  4- 6 || total
---------------------------+-------+-------++-------
  Melee: Unarmed           |     8 |       ||     8
         Bite              |    13 |     4 ||    17
         Whip              |    17 |       ||    17
         Spear             |    17 |    12 ||    29
   Cast: Shock             |    76 |    25 ||   101
         Static Discharge  |     4 |     4 ||     8
    Use: Scroll            |     2 |     4 ||     6
         Potion            |     3 |     1 ||     4
 Armour: Robe              |    38 |     4 ||    42
         Leather armour    |       |    13 ||    13
  Dodge: Dodged            |    48 |    17 ||    65

Table legend: (Time is in decaauts)
 A = Elapsed time spent in this place.
 B = Non-inter-level travel time spent in this place.
 C = Inter-level travel time spent in this place.
 D = Time resting spent in this place.
 E = Time spent auto-exploring this place.
 F = Levels seen in this place.
 G = Mean time per level.
                   A        B        C        D        E       F      G
               +--------+--------+--------+--------+--------+-----+--------+
         Total |   3179 |   3171 |      8 |    850 |      0 |   3 | 1059.7 |
       Dungeon |   3179 |   3171 |      8 |    850 |      0 |   3 | 1059.7 |
               +--------+--------+--------+--------+--------+-----+--------+

Top non-repeatable levels by time:
     D:2: 1378 daAuts
     D:1: 1341 daAuts
     D:3: 458 daAuts
